 Dungeon Crawl Stone Soup version 0.24.0-37-gcf1ca852f1 (webtiles) character file.

Game seed: 7161826711935737121, levelgen mode: deterministic

2478 Mrkan the Cleaver (level 9, -10/79 (80) HPs)
             Began as a Minotaur Fighter on Nov 26, 2019.
             Was a Priest of Okawaru.
             Mangled by Harold
             ... wielding a cursed +0 dire flail
              (18 damage)
             ... on level 7 of the Dungeon.
             The game lasted 00:10:22 (5327 turns).

Mrkan the Cleaver (Minotaur Fighter)                Turns: 5327, Time: 00:10:23

HP:   -10/79 (80)   AC: 16    Str: 20    XL:     9   Next: 27%
MP:   8/8           EV:  5    Int:  6    God:    Okawaru [***...]
Gold: 359           SH: 11    Dex: 13    Spells: 8/8 levels left

rFire    . . .     SeeInvis .   a - +0 war axe
rCold    . . .     Gourm    .   c - +0 shield
rNeg     . . .     Faith    .   E - +0 plate armour
rPois    .         Spirit   .   (helmet restricted)
rElec    .         Reflect  .   C - scarf {repulsion}
rCorr    .         Harm     +   l - +0 pair of gloves
MR       .....                  t - +0 pair of boots
Stlth    ..........             h - amulet of harm
HPRegen  0.23/turn              (no ring)
MPRegen  0.11/turn              (no ring)

@: marked, repel missiles
A: retaliatory headbutt, horns 2
a: Heroism, Renounce Religion


You were on level 7 of the Dungeon.
You worshipped Okawaru.
Okawaru was most pleased with you.
You were not hungry.

You visited 1 branch of the dungeon, and saw 7 of its levels.
You also visited: Sewer.

You collected 359 gold pieces.

Inventory:

Hand Weapons
 a - a +0 war axe (weapon)
Armour
 c - a +0 shield (worn)
 l - a +0 pair of gloves (worn)
 t - a +0 pair of boots (worn)
 C - a scarf of repulsion (worn)
 E - a +0 plate armour (worn)
Jewellery
 h - an amulet of harm (around neck)
Wands
 B - a wand of acid (11)
 F - a wand of paralysis (8)
Scrolls
 g - 5 scrolls of identify {unknown}
 j - 4 scrolls of magic mapping {unknown}
 n - 3 scrolls of enchant weapon {unknown}
 p - 3 scrolls of fear {unknown}
 r - 4 scrolls of enchant armour {unknown}
 s - a scroll of blinking {unknown}
 u - 5 scrolls of teleportation {unknown}
 v - a scroll of amnesia {unknown}
 w - 2 scrolls of remove curse {unknown}
 y - a scroll of noise {unknown}
 A - a scroll of fog {unknown}
Potions
 b - a potion of brilliance {unknown}
 d - 3 potions of might
 e - a potion of degeneration {unknown}
 i - a potion of agility {unknown}
 k - 3 potions of lignification {unknown}
 m - a potion of ambrosia {unknown}
 o - 4 potions of curing
 q - 4 potions of haste {unknown}
 x - a potion of mutation {unknown}
 z - 3 potions of flight {unknown}
 D - a potion of magic {unknown}
Comestibles
 f - 9 rations


   Skills:
 + Level 7.7 Fighting
 * Level 9.8 Axes
 + Level 7.6 Armour
 + Level 7.6 Shields


You had 8 spell levels left.
You didn't know any spells.
Your spell library was empty.

Dungeon Overview and Level Annotations

Branches:
Dungeon (7/15)             Temple (0/1) D:4           Sewer (visited)

Altars:
Dithmenos
Elyvilon
Fedhas
Okawaru
Ru
Uskayaw
Vehumet
Wu Jian
Xom
Yredelemnul

Annotations:
D:7 Harold


Innate Abilities, Weirdness & Mutations

You reflexively headbutt those who attack you in melee.
You have a pair of horns on your head.


Message History

Harold is moderately wounded.
You block Harold's attack.
You hit Harold. Your headbutt misses Harold.
Harold is moderately wounded.
You block Harold's attack.
You hit Harold. You headbutt Harold, but do no damage.
Harold is moderately wounded.
Harold hits you with a cursed +0 dire flail!
* * * LOW HITPOINT WARNING * * *
You barely miss Harold. Your headbutt misses Harold.
Harold is moderately wounded.
Harold hits you with a cursed +0 dire flail!
* * * LOW HITPOINT WARNING * * *
Your plate armour prevents you from hitting Harold.
Harold is moderately wounded.
Harold barely misses you.
You hit Harold.
Harold is moderately wounded.
Harold hits you with a cursed +0 dire flail!
You die...

.'......'...#
##......###.#
#.........#.#
#
#.......#.#.#
.#
........#.#.#
..# #†#####.#
#.# ...#
#.#####.# #.#
....#
#.....#.#
#.######.....#
#####.#.#
#.....@@.....#
....#.#
#######.#+####
###.#.# .#
###.#.# .#
......# .+
###.###... .#
........... ..
..#...##### ##
..#...#


You could see Harold.

Vanquished Creatures
  Grinder (D:3)
  Sigmund (D:5)
  Menkaure (D:4)
  2 orc warriors (D:6)
  A black bear (D:6)
  2 phantoms
  2 necrophages
  An ogre (D:6)
  Blork the orc (D:5)
  2 bullfrogs (D:6)
  A scorpion (D:6)
  6 howler monkeys
  2 crimson imps
  2 hounds (D:5)
  2 bullfrog skeletons
  3 orc wizards
  2 orc priests
  An iguana (D:5)
  9 worker ants
  A hound skeleton (D:6)
  9 adders
  3 river rats
  An ooze (D:2)
  3 worms
  4 dart slugs
  5 leopard geckos
  13 orcs
  11 bats
  4 giant cockroaches
  12 goblins
  6 hobgoblins
  5 jackals
  10 kobolds
  5 quokkas
  5 ball pythons (Sewer)
  A ball python zombie (D:5)
  14 frilled lizards
  14 rats
168 creatures vanquished.

Notes
Turn   | Place    | Note
-------+----------+-------------------------------------------
     0 | D:1      | Mrkan the Minotaur Fighter began the quest for the Orb.
     0 | D:1      | Reached XP level 1. HP: 19/19 MP: 0/0
   129 | D:1      | Reached XP level 2. HP: 22/27 MP: 1/1
   158 | D:1      | Reached skill level 3 in Axes
   529 | D:1      | Reached XP level 3. HP: 33/33 MP: 2/2
   988 | D:2      | Found an iron altar of Okawaru.
  1014 | D:2      | Became a worshipper of Warmaster Okawaru
  1066 | D:2      | Reached XP level 4. HP: 36/40 MP: 3/3
  1356 | D:2      | Found an ornate altar of the Wu Jian Council.
  1409 | D:2      | Reached skill level 4 in Axes
  1497 | D:3      | Found a shadowy altar of Dithmenos.
  1505 | D:3      | Reached XP level 5. HP: 44/47 MP: 4/4
  1838 | D:3      | Noticed Grinder
  1838 | D:3      | You fall into a shaft and drop 1 floor!
  1838 | D:4      | Found a basalt altar of Yredelemnul.
  1838 | D:4      | Found a blossoming altar of Fedhas.
  1838 | D:4      | Found a shimmering altar of Xom.
  1839 | D:4      | Found a sacrificial altar of Ru.
  1839 | D:4      | Found a radiant altar of Vehumet.
  1850 | D:4      | Noticed a phantom
  1902 | D:4      | Killed a phantom
  1902 | D:4      | Reached skill level 5 in Axes
  1951 | D:3      | Noticed a +0 hand axe
  1952 | D:3      | Noticed a +0 dagger
  1955 | D:3      | Found a hide-covered altar of Uskayaw.
  2175 | D:3      | Paralysed by Grinder for 5 turns
  2180 | D:3      | Killed Grinder
  2180 | D:3      | Reached * piety under Okawaru
  2180 | D:3      | Reached skill level 5 in Fighting
  2180 | D:3      | Reached skill level 5 in Armour
  2180 | D:3      | Reached skill level 5 in Shields
  2180 | D:3      | Reached XP level 6. HP: 34/56 MP: 5/5
  2405 | D:4      | Found a sacrificial altar of Ru.
  2409 | D:4      | Found a staircase to the Ecumenical Temple.
  2419 | D:4      | Reached skill level 6 in Axes
  2495 | D:4      | Reached XP level 7. HP: 58/61 MP: 6/6
  2845 | D:4      | Noticed Menkaure
  2851 | D:4      | Killed Menkaure
  3318 | D:5      | Entered Level 5 of the Dungeon
  3385 | D:5      | Found a glowing drain.
  3390 | Sewer    | Entered a sewer
  3545 | Sewer    | Reached skill level 7 in Axes
  3760 | D:5      | Noticed Sigmund
  3770 | D:5      | Killed Sigmund
  3770 | D:5      | Reached ** piety under Okawaru
  3795 | D:5      | Reached XP level 8. HP: 63/70 MP: 7/7
  3830 | D:5      | Noticed Blork the orc
  3839 | D:5      | Killed Blork the orc
  4081 | D:5      | Found a shadowy altar of Dithmenos.
  4131 | D:5      | Found a white marble altar of Elyvilon.
  4141 | D:5      | Reached skill level 8 in Axes
  4624 | D:6      | Reached skill level 9 in Axes
  4691 | D:6      | Reached *** piety under Okawaru
  4873 | D:6      | Reached XP level 9. HP: 64/78 MP: 8/8
  5310 | D:7      | Noticed Harold
  5327 | D:7      | Mangled by Harold

Levels and vault maps discovered:
D:1:      saegor_arrival_simple_d, layout_loops_ring, st_stairs_4
D:2:      layout_loops_ring, lemuel_round_altar, okawaru_ov_weapons_minmay
D:3:      layout_loops_cross, dancing_weapons_uskayaw, lemuel_doored_altar,
          uniq_grinder
D:4:      layout_basic, grunt_temple_overflow_open,
          minmay_temple_entry_gardened_gates, nicolae_ru_awakened_eye,
          uniq_menkaure
D:5:      layout_loops_ring, basic_altar, gup_sewer_entry_bowl, first_ration,
          elyvilon_altar_3, uniq_blork_the_orc, uniq_sigmund
D:6:      layout_basic
D:7:      layout_basic, uniq_harold

Skill      XL: |  1  2  3  4  5  6  7  8 |
---------------+-------------------------+-----
Axes           | 3 4 5 6 7 9 |  9.8
Shields        | 4 5 6 7 |  7.6
Fighting       | 4 5 6 7 |  7.7
Armour         | 4 5 6 7 |  7.6

Action                   |  1- 3 |  4- 6 |  7- 9 || total
-------------------------+-------+-------+-------++-------
Melee: War axe           |   110 |   132 |   299 ||   541
       Headbutt          |     7 |    22 |    46 ||    75
  Eat: Chunk             |     1 |     4 |    10 ||    15
Armor: Scale mail        |    18 |       |       ||    18
       Chain mail        |    55 |    76 |    89 ||   220
       Plate armour      |       |       |    41 ||    41
Dodge: Dodged            |    34 |    27 |    58 ||   119
       Deflected         |       |       |     1 ||     1
Block: Shield            |    62 |    67 |   131 ||   260
